 Dungeon Crawl Stone Soup version 0.25.1-2-g60ff931df9 (webtiles) character file.

Game seed: 16727775011252263152

4 DogServant the Ruffian (level 1, -2/18 HPs)
             Began as a Naga Transmuter on Oct 18, 2020.
             Slain by a leopard gecko (4 damage)
             ... on level 1 of the Dungeon.
             The game lasted 00:00:26 (226 turns).

DogServant the Ruffian (Naga Transmuter)             Turns: 226, Time: 00:00:26

Health: -2/18      AC:  1    Str: 12    XL:     1   Next: 60%
Magic:  2/3        EV: 10    Int: 13    God:
Gold:   16         SH:  0    Dex: 11    Spells: 3/4 levels left

rFire    . . .     SeeInvis +     - Unarmed
rCold    . . .     Gourm    .   (no shield)
rNeg     . . .     Faith    .   b - +0 robe
rPois    +         Spirit   .   (no helmet)
rElec    .         Reflect  .   (no cloak)
rCorr    .         Harm     .   (no gloves)
MR       .....                  (no barding)
Stlth    +.........             (no amulet)
HPRegen  0.06/turn              (no ring)
MPRegen  0.08/turn              (no ring)

@: short of breath, appendage (expiring), very slow
A: large, horns 2, see invisible, deformed body, poison resistance, slowness 2,
slow metabolism 1, spit poison 1, AC +0
a: Spit Poison, End Transformation


You were on level 1 of the Dungeon.
You were not hungry.
You had grown temporary horns.
You visited 1 branch of the dungeon, and saw 1 of its levels.

You collected 16 gold pieces.

Inventory:

Missiles
 a - 12 arrows
Armour
 b - a +0 robe (worn)
Potions
 c - a potion of degeneration {unknown}
Comestibles
 d - a ration


   Skills:
 - Level 1.0 Fighting
 - Level 1.5 Dodging
 + Level 3.3 Unarmed Combat
 - Level 2.0 Spellcasting
 - Level 2.0 Transmutations


You had 3 spell levels left.
You knew the following spells:

 Your Spells              Type           Power        Failure   Level  Hunger
a - Beastly Appendage     Tmut           #.....       11%         1    ##.....

Your spell library contained the following spells:

 Spells                   Type           Power        Failure   Level  Hunger
 Sticks to Snakes         Tmut           #.......     17%         2    ###....
 Spider Form              Tmut/Pois      #.........   45%         3    ####...
 Ice Form                 Ice/Tmut       #.......     86%         4    #####..
 Blade Hands              Tmut           #.........   97%         5    ######.


Dungeon Overview and Level Annotations

Branches:
Dungeon (1/15)

Altars:


Innate Abilities, Weirdness & Mutations

You cannot wear boots.
Your serpentine skin is tough. (AC +0)
You have supernaturally acute eyesight. (SInv)
Armour fits poorly on your strangely shaped body.
Your system is resistant to poisons. (rPois)
You cover ground very slowly.
You have a slow metabolism.
You can spit poison.
You have a pair of horns on your head.


Message History

You feel slightly more hungry. The jackal bites you. x2
You hit the jackal but do no damage.
The jackal is almost dead.
Your transformation is almost over.
The jackal barely misses you.
You hit the jackal.
You kill the jackal!
You barely miss the leopard gecko. Your headbutt misses the leopard gecko.
The leopard gecko barely misses you.
You have got your breath back.
The leopard gecko barely misses you.
You miss the leopard gecko. The leopard gecko bites you.
* * * LOW HITPOINT WARNING * * *
Press: ? - help, Shift-Dir - straight line, f - leopard gecko
Aim: a leopard gecko The splash of poison hits the leopard gecko.
The leopard gecko is poisoned.
The leopard gecko is almost dead.
You feel slightly more hungry. The leopard gecko bites you.
You die...

#'#'#'####.#.#.#.#
#.#.#..###'#'#'#'# .
#.#.#..'<#.#.#.#.# ..
#.#.######.#.#.#)# ...
#.#....'...#.#.#.# ....
#.##########.#.#.# .....
#......'.....#.#.#
......##############.#.#
......sghl@..'.......#.#
.......#####.#########.#
.............'.........#
.[..h.##################
....h. ..g... .....
....>


You could see a leopard gecko (poisoned), a jackal, a giant cockroach and a
goblin.

Vanquished Creatures
  2 jackals (D:1)
  A bat (D:1)
  A goblin (D:1)
4 creatures vanquished.

Notes
Turn   | Place    | Note
-------+----------+-------------------------------------------
     0 | D:1      | DogServant the Naga Transmuter began the quest for the Orb.
     0 | D:1      | Reached XP level 1. HP: 18/18 MP: 3/3
   226 | D:1      | Slain by a leopard gecko

Illustrated notes

Levels and vault maps discovered:
D:1:      minmay_arrival_widening_spiral_narrow, layout_rooms, serial_forest,
          infiniplex_forest_straight_5, infiniplex_forest_end_3,
          infiniplex_forest_clump_tiny, infiniplex_forest_corner_2,
          infiniplex_forest_lined_corner, infiniplex_forest_lined_room_2,
          infiniplex_forest_fountain, minmay_crystal_water

Action                   || total
-------------------------++-------
Melee: Unarmed           ||    19
       Headbutt          ||     1
       Punch             ||     1
 Cast: Beastly Appendage ||     2
 Abil: Spit Poison       ||     3
Armor: Robe              ||     5
Dodge: Dodged            ||    13
